 Dungeon Crawl Stone Soup version 0.26.1-11-gd32895ea62 (webtiles) character file.

Game seed: 795664644951864276

349 Zeld the Cudgeller (level 6, 0/39 HPs)
             Began as an Octopode Warper on May 18, 2021.
             Was an Initiate of Makhleb.
             Shot with an arrow by a centaur (2 damage)
             ... on level 4 of the Dungeon.
             The game lasted 00:05:56 (5903 turns).

Zeld the Cudgeller (Octopode Warper)                Turns: 5903, Time: 00:05:57

Health: 0/39       AC:  1    Str: 12    XL:     6   Next: 60%
Magic:  10/12      EV: 13    Int: 16    God:    Makhleb [......]
Gold:   160        SH:  0    Dex: 11    Spells: 3/14 levels left

rFire    . . .     SeeInvis .   a - +0 mace
rCold    . . .     Faith    .   (no shield)
rNeg     . . .     Spirit   .   (helmet restricted)
rPois    .         Reflect  .   (no amulet)
rElec    .         Harm     .   (no ring)
rCorr    .         Rampage  .   (no ring)
Will     .....                  (no ring)
Stlth    ++........             (no ring)
HPRegen  0.13/turn              (no ring)
MPRegen  0.13/turn              (no ring)
                                (no ring)
                                (no ring)

@: no status effects
A: almost no armour, stealthy swim, amphibious, 8 rings, constrict 8, camouflage
1, gelatinous body 1
a: Renounce Religion


You were on level 4 of the Dungeon.
You worshipped Makhleb.
Makhleb was noncommittal.
You visited 2 branches of the dungeon, and saw 6 of its levels.

You collected 160 gold pieces.

Inventory:

Hand Weapons
 a - a +0 mace (weapon)
Scrolls
 c - 2 scrolls of blinking
 d - a scroll of fear
 h - 3 scrolls of remove curse
 i - a scroll of magic mapping
 j - 3 scrolls of teleportation
 l - 3 scrolls of enchant weapon {unknown}
Potions
 b - a potion of flight {unknown}
 e - 2 potions of ambrosia {unknown}
 f - a potion of resistance {unknown}
 g - a potion of degeneration {unknown}
 k - a potion of heal wounds {unknown}
 m - 2 potions of curing


   Skills:
 - Level 2.0 Fighting
 * Level 5.0 Maces & Flails
 - Level 1.0 Throwing
 - Level 2.3 Dodging
 * Level 4.6 Spellcasting
 - Level 3.0 Translocations


You had 3 spell levels left.
You knew the following spells:

 Your Spells              Type           Power        Failure   Level
a - Blink                 Tloc           N/A          7%          2
b - Gell's Gravitas       Tloc           6%           14%         3
c - Lesser Beckoning      Tloc           6%           14%         3
d - Teleport Other        Tloc           13%          14%         3

Your spell library contained the following spells:

 Spells                   Type           Power        Failure   Level
 Passage of Golubria      Tloc           N/A          43%         4


Dungeon Overview and Level Annotations

Branches:
Dungeon (5/15)             Temple (1/1) D:4

Altars:
Ashenzari
Cheibriados
Dithmenos
Elyvilon
Hepliaklqana
Kikubaaqudgha
Makhleb
Nemelex Xobeh
Okawaru
Qazlal
Ru
Sif Muna
Trog
Uskayaw
Vehumet
Wu Jian
Yredelemnul
Zin
The Shining One

Shops:
D:4 :


Innate Abilities, Weirdness & Mutations

You cannot wear most types of armour.
You are very stealthy in the water. (Stealth+)
You are amphibious.
You can wear up to eight rings at the same time.
You can use your tentacles to constrict eight enemies at once.
Your skin changes colour to match your surroundings (Stealth+).
Your rubbery body absorbs attacks. (AC +1, EV +1)


Message History

You hit the centaur.
The centaur is heavily wounded.
The centaur hits you with a +0 dagger!
* * * LOW HITPOINT WARNING * * *
The centaur drinks a potion.
The centaur is healed!
You are too injured to fight recklessly!
You are too injured to fight recklessly!
You are too injured to fight recklessly!
You hit the centaur but do no damage.
The centaur is moderately wounded.
The centaur hits you with a +0 dagger!
* * * LOW HITPOINT WARNING * * *
The centaur hits you with a +0 dagger.
* * * LOW HITPOINT WARNING * * *
Unknown command.
Casting: Teleport Other (quite dangerous; 14% risk of failure)
Confirm with . or Enter, or press ? or * to list all spells.
You blink.
The centaur unwields a +0 dagger.
The centaur wields a +0 shortbow.
The centaur shoots an arrow.
The arrow hits you.
You die...

##### #..#. #..#. #..#.
#### #################..#.
..... #...@...#..........#.
..... #.......#........###.
......#.......'........#.#.
......#.......#........'.#.
......c.......#........#.##
..#ยง......###+######.#
...##'#######......##.# ##
#.... ..........##.##
#.....................


You could see a centaur.

Vanquished Creatures
  A howler monkey (D:3)
  2 hounds
  2 orc wizards (D:3)
  An iguana (D:4)
  6 adders
  An ufetubus (D:3)
  3 oozes (D:2)
  3 worms
  A dart slug (D:1)
  2 leopard geckos (D:1)
  5 orcs
  4 giant cockroaches
  2 gnoll zombies (D:4)
  4 goblins
  14 hobgoblins
  4 jackals
  A quokka (D:3)
  A ball python (D:1)
  13 bats
  2 frilled lizards
  7 kobolds
  8 rats
87 creatures vanquished.

Vanquished Creatures (others)
  A plant (D:1)
1 creature vanquished.

Grand Total: 88 creatures vanquished

Notes
Turn   | Place    | Note
-------+----------+-------------------------------------------
     0 | D:1      | Zeld the Octopode Warper began the quest for the Orb.
     0 | D:1      | Reached XP level 1. HP: 14/14 MP: 3/3
   394 | D:1      | Reached XP level 2. HP: 10/19 MP: 5/5
   401 | D:1      | Learned a level 2 spell: Blink
  1106 | D:1      | Reached XP level 3. HP: 12/24 MP: 6/6
  1111 | D:1      | Learned a level 3 spell: Gell's Gravitas
  1832 | D:2      | Reached skill level 3 in Maces & Flails
  2176 | D:2      | Reached XP level 4. HP: 25/29 MP: 8/8
  2226 | D:2      | Learned a level 3 spell: Lesser Beckoning
  2466 | D:2      | Found a faded altar of an unknown god.
  3056 | D:3      | Reached XP level 5. HP: 20/34 MP: 10/10
  3404 | D:2      | Reached skill level 4 in Maces & Flails
  3981 | D:3      | You fall into a shaft and drop 2 floors!
  3981 | D:5      | Entered Level 5 of the Dungeon
  3986 | D:5      | Learned a level 3 spell: Teleport Other
  4052 | D:5      | Reached XP level 6. HP: 28/39 MP: 12/12
  4483 | D:4      | Found a staircase to the Ecumenical Temple.
  4497 | Temple   | Entered the Ecumenical Temple
  4555 | Temple   | Became a worshipper of Makhleb the Destroyer
  5667 | D:4      | Found Quzeticru's Gadget Emporium.
  5853 | D:4      | Found a basalt altar of Yredelemnul.
  5892 | D:4      | Found Neri's Book Shoppe.
  5899 | D:4      | Reached skill level 5 in Maces & Flails
  5902 | D:4      | HP: 1/39 [centaur/+0 dagger (3)]
  5903 | D:4      | Shot with an arrow by a centaur

Illustrated notes

Levels and vault maps discovered:
D:1:      denvon_arrival_planthouse, layout_loops_ring
D:2:      kennysheep_six_static_rooms, layout_loops_ring,
          chequers_ecumenical_altar_island, chequers_serial_rivers_large_a,
          corexii_corridor_pit
D:3:      layout_loops_ring
D:4:      layout_gridville, fedhas_bush_and_centaur_altar,
          lemuel_zombie_altar_yredelemnul, temple_pool_b, serial_shops, shop,
          shop, shop_statue, shop, kennysheep_generic_room_8
D:5:      layout_basic, nicolae_overflow_hidden_temple, general_overflow_altar,
          hex_intersection
Temple:   compressed_dpeg_circular_temple

Skill      XL: |  1  2  3  4  5  6 |
---------------+-------------------+-----
Maces & Flails | 3 4 5 |  5.0
Spellcasting   | 3 4 |  4.6
Fighting       | |  2.0
Throwing       | |  1.0
Dodging        | |  2.3
Translocations | |  3.0

Action                   |  1- 3 |  4- 6 || total
-------------------------+-------+-------++-------
Melee: Mace              |    73 |   140 ||   213
       Constrict         |    18 |    40 ||    58
       Tentacles         |     8 |    22 ||    30
Throw: Boomerang         |     5 |       ||     5
 Cast: Teleport Other    |       |     1 ||     1
       Blink             |       |     1 ||     1
  Use: Scroll            |       |     6 ||     6
 Stab: Sleeping          |     8 |     5 ||    13
Armor: Skin              |    16 |    10 ||    26
Dodge: Dodged            |    79 |    94 ||   173
